 Dungeon Crawl Stone Soup version 0.19-a0-1686-g35356ef (webtiles) character file.

173 st0uf the Skirmisher (level 5, 0/42 HPs)
             Began as a Demonspawn Fighter on Sept 25, 2016.
             Was an Initiate of Okawaru.
             Slain by an iron imp (3 damage)
             ... summoned by Natasha
             ... on level 3 of the Dungeon.
             The game lasted 00:12:32 (2077 turns).

st0uf the Skirmisher (Demonspawn Fighter)           Turns: 2077, Time: 00:12:32

Health: 0/42       AC: 18    Str: 17    XL:     5   Next: 28%
Magic:  5/5        EV: 10    Int:  9    God:    Okawaru [......]
Gold:   157        SH:  0    Dex: 13    Spells: 0 memorised, 4 levels left

rFire  . . .     SeeInvis .     a - +0 long sword
rCold  . . .     Gourm    .     b - +0 scale mail
rNeg   . . .     Faith    .     (no shield)
rPois  .         Spirit   .     (no helmet)
rElec  .         Dismiss  .     h - +1 cloak
rCorr  .         Reflect  .     e - +1 pair of gloves
MR     .....     Harm     .     (no boots)
Stlth  ..........               (no amulet)
                                (no ring)
                                s - +6 ring of protection

@: slowed, very slow
A: claws 1, hooves 1, rot immunity
a: Renounce Religion


You were on level 3 of the Dungeon.
You worshipped Okawaru.
Okawaru was noncommittal.
You were not hungry.

You visited 1 branch of the dungeon, and saw 3 of its levels.

You collected 157 gold pieces.

Inventory:

Hand Weapons
 a - a +0 long sword (weapon)
Armour
 b - a +0 scale mail (worn)
 c - a +0 shield
 e - a +1 pair of gloves (worn)
 h - a +1 cloak (worn)
Jewellery
 s - a +6 ring of protection (left hand)
Wands
 k - a wand of iceblast (12/15)
Scrolls
 j - 4 scrolls of identify {unknown}
 l - 2 scrolls of fear {unknown}
 n - a scroll of remove curse {unknown}
 p - 2 scrolls of blinking {unknown}
 v - a scroll of random uselessness {unknown}
 y - a scroll of amnesia {unknown}
Potions
 d - 2 potions of might
 g - 2 potions of curing {unknown}
 i - a potion of heal wounds {unknown}
 q - 2 potions of lignification {unknown}
 r - a potion of brilliance {unknown}
 t - 2 potions of haste {unknown}
 u - a potion of flight {unknown}
Comestibles
 f - 3 bread rations
 m - 2 slices of pizza
 o - 2 meat rations
 w - a beef jerky
 x - a royal jelly
 z - 5 chunks of flesh


   Skills:
 * Level 3.8 Fighting
 * Level 3.1 Long Blades
 + Level 3.3 Armour
 + Level 1.9 Dodging
 + Level 3.0 Shields


You had 4 spell levels left.
You didn't know any spells.

Dungeon Overview and Level Annotations

Branches:
Dungeon (3/15)

Altars:
Okawaru

Annotations:
D:3 Natasha


Innate Abilities, Weirdness & Mutations

You have sharp fingernails.
You have large cloven feet.
You are immune to rotting.


Message History

You barely miss the white imp. Your kick misses the white imp.
Natasha claws you but does no damage. The shadow imp barely misses you.
You riposte.
You closely miss the shadow imp. Your kick misses the shadow imp.
The iron imp hits you but does no damage.
The white imp hits you but does no damage.
You miss Natasha. You kick Natasha, but do no damage.
Natasha is severely wounded.
Natasha casts a spell at you. The magic dart hits you!
The shadow imp closely misses you. The white imp hits you.
* * * LOW HITPOINT WARNING * * *
The white imp freezes you.
* * * LOW HITPOINT WARNING * * *
The iron imp barely misses you. Natasha claws you but does no damage.
You closely miss Natasha.
Natasha is severely wounded.
The shadow imp hits you but does no damage.
The white imp hits you but does no damage.
Natasha barely misses you. The iron imp hits you.
You die...

#...##...+...............#..##..#
.........##....................)#
.........##................#.....
...##....##.......##..........#..
#..##....(.......).#....#........
#.....####.#.#.....<.......(....(
.......# #.#.#.......#...)....###
##.###.###.....h55..............#
##.# #..##.#....@..#.#.#..#..##.#
#.# #.....##...5..#..........#.#
##.# #..............##.##.......#
...###.........(....##....#.....#
....##..........###.....#.......#
...........##...###.##..#........
....###....##.....#.........#.###
##.## #..#.###.##.#...........#
...# ##.#.....##.).....##.##.###


You could see an iron imp, Natasha, a white imp and a shadow imp.

Vanquished Creatures
  An orc wizard (D:3)
  Natasha (D:3)
  4 gnolls (D:3)
  2 adders
  An ooze (D:2)
  A worm (D:3)
  A dart slug (D:1)
  A leopard gecko (D:3)
  5 orcs (D:3)
  7 bats
  5 giant cockroaches
  3 hobgoblins
  9 kobolds
  3 quokkas
  2 frilled lizards (D:2)
  3 goblins (D:2)
  4 rats
53 creatures vanquished.

Notes
Turn   | Place    | Note
-------+----------+-------------------------------------------
     0 | D:1      | st0uf the Demonspawn Fighter began the quest for the Orb.
     0 | D:1      | Reached XP level 1. HP: 18/18 MP: 1/1
   516 | D:2      | Reached skill level 1 in Dodging
   551 | D:2      | Gained mutation: You have large cloven feet. [demonic ancestry]
   551 | D:2      | Reached XP level 2. HP: 24/24 MP: 2/2
  1055 | D:2      | Reached XP level 3. HP: 29/29 MP: 3/3
  1318 | D:3      | Gained mutation: You have sharp fingernails. [demonic ancestry]
  1318 | D:3      | Reached XP level 4. HP: 33/35 MP: 4/4
  1578 | D:3      | Found an iron altar of Okawaru.
  1586 | D:3      | Became a worshipper of Warmaster Okawaru
  1761 | D:3      | Noticed Natasha
  1770 | D:3      | Killed Natasha
  1770 | D:3      | Gained mutation: You are immune to rotting. [demonic ancestry]
  1770 | D:3      | Reached XP level 5. HP: 21/42 MP: 5/5
  2053 | D:3      | Noticed Natasha
  2076 | D:3      | HP: 2/42 [white imp[Natasha] (2)]
  2077 | D:3      | Slain by an iron imp

Vault maps used:
D:1:      minmay_arrival_arboretum_small
D:2:      minmay_randomly_rotated_circles
D:3:      okawaru_gym_becter, first_bread, kennysheep_generic_room_12,
          uniq_natasha

Skill      XL: |  1  2  3  4  5 |
---------------+----------------+-----
Long Blades    | 2 3 |  3.1
Dodging        | 1 |  1.9
Armour         | 3 |  3.3
Shields        | 3 |  3.0
Fighting       | |  3.8

Action                   |  1- 3 |  4- 6 || total
-------------------------+-------+-------++-------
Melee: Long sword        |   113 |   141 ||   254
       Kick              |    17 |    36 ||    53
  Eat: Chunk             |     1 |     3 ||     4
Armor: Scale mail        |    60 |    79 ||   139
Dodge: Dodged            |    56 |    80 ||   136
